[Event "Late-Titled-Tuesday-Blitz-March-05-2024"]
[Site "Chess.com"]
[Date "2024.03.05"]
[Round "4"]
[White "VojtechPlat"]
[Black "Hikaru"]
[Result "0-1"]
[WhiteElo "2857"]
[BlackElo "3259"]
[TimeControl "180+1"]
[EndTime "14:38:39 PST"]
[Termination "Hikaru won on time"]

1. e4 d5 2. exd5 Qxd5 3. d4 Bf5 4. Nc3 Qd7 5. Nf3 c6 6. Ne5 Qd8 7. Bc4 e6 8. g4 Bg6 9. h4 Bb4 10. a3 Bxc3+ 11. bxc3 Nd7 12. Nxd7 Qxd7 13. Qe2 h5 14. g5 Ne7 15. Bb3 O-O 16. Bd2 b5 17.
Rh3 a5 18. a4 Nf5 19. Qe5 Kh7 20. Bf4 Rfc8 21. Qc5 Ne7 22. Be5 Nd5 23. Rf3 Be4 24. Rg3 Bf5 25. Kd2 Ra6 26. c4 bxc4 27. Bxc4 Raa8 28.
Bd3 Bxd3 29. Rxd3 Ne7 30. Qd6 Qe8 31. Qc5 Nf5 32. Rg1 Rd8 33. c4 Rd7 34. Rf3 Rb7 35.
Rxf5 exf5 36. Qd6 Rd8 37. Qc5 Rb2+ 38. Ke3 Rdb8 39. Kf3 R8b3+ 40. Kg2 f4 41. Qd6 Rg3+ 0-1

[Event "Late-Titled-Tuesday-Blitz-March-05-2024"]
[Site "Chess.com"]
[Date "2024.03.05"]
[Round "4"]
[White "Casper"]
[Black "Supelyel"]
[Result "0-1"]
[WhiteElo "2508"]
[BlackElo "2389"]
[TimeControl "180+1"]
[EndTime "14:38:40 PST"]
[Termination "Supelyel won by resignation"]

1. e4 d6 2. d4 Nf6 3. Bd3 e5 4. Nf3 Nbd7 5. O-O Be7 6. c3 O-O 7. h3 c6 8. Re1 Re8 9. a4 b6 10. a5 b5 11. Nbd2 a6 12. Nf1 Bf8 13. Ng3 g6 14.
Bg5 Bg7 15. Qd2 Qc7 16. Bc2 Nf8 17. Bb3 Be6 18. Qc2 Rac8 19. Be3 c5 20. dxe5 dxe5 21. Bxe6 Nxe6 22. Qe2 c4 23. Bb6 Qb8 24. Nf1 Nc5 25.
Ne3 Ncxe4 26. Rad1 Nc5 27. Nd5 Nd3 28. Nxf6+ Bxf6 29.
Rf1 e4 30. Nd4 Qd6 31. f3 e3 32. Nc2 Bd8 33. Bxe3 Bc7 34. f4 Nxf4 35. Bxf4 Rxe2 36. Bxd6 Bxd6 37. Rxd6 Rxc2 38. Rf2 Rxf2 39. Kxf2 Rb8 40.
Rxa6 b4 41. Rc6 bxc3 42. bxc3 Rb5 43. a6 Rb2+ 44. Kf3 Ra2 45. g4 Kg7 46. g5 h6 47. h4 hxg5 48. hxg5 Ra5 49. Kf4 Ra4 50. Ke5 Ra5+ 51. Kf4 Ra4 52. Ke4 Ra5 53. Kd4 Rxg5 54. Rc5 Rg4+ 55. Kd5 Rg1 56. Ra5 Rg5+ 0-1

[Event "Late-Titled-Tuesday-Blitz-March-05-2024"]
[Site "Chess.com"]
[Date "2024.03.05"]
[Round "4"]
[White "Beca95"]
[Black "StiffMaster1"]
[Result "1-0"]
[WhiteElo "2970"]
[BlackElo "2598"]
[TimeControl "180+1"]
[EndTime "14:38:42 PST"]
[Termination "Beca95 won by resignation"]

1. d4 g6 2. e4 c6 3. Nc3 d5 4.
Nf3 dxe4 5. Nxe4 Bg7 6. c3 Nd7 7. Bc4 Ngf6 8. Ng3 Nb6 9. Bb3 a5 10. a4 O-O 11. O-O Bg4 12. Re1 Nfd7 13. h3 Bxf3 14. Qxf3 e5 15. Rd1 exd4 16. cxd4 Nf6 17. Bg5 Qd6 18. Bf4 Qd7 19. Be5 Nfd5 20. Ne4 f5 21.
Nc5 Qf7 22. Re1 Rfe8 23. Nd3 Rad8 24. Rac1 h6 25. h4 Kh7 26. Nf4 Bxe5 27. dxe5 Qg7 28. Nd3 Nb4 29. Nxb4 axb4 30. h5 Rxe5 31. hxg6+ Kh8 32.
Qf4 Nd7 33. Red1 Re2 34. Rxd7 Rxd7 35. Qb8+ 1-0

[Event "Late-Titled-Tuesday-Blitz-March-05-2024"]
[Site "Chess.com"]
[Date "2024.03.05"]
[Round "4"]
[White "semchik73"]
[Black "dennisodessa"]
[Result "1-0"]
[WhiteElo "2427"]
[BlackElo "2554"]
[TimeControl "180+1"]
[EndTime "14:38:43 PST"]
[Termination "semchik73 won by resignation"]

1. Nf3 Nf6 2. c4 e6 3. d4 Bb4+ 4. Bd2 a5 5. a3 Bxd2+ 6. Qxd2 b6 7. Nc3 Bb7 8. g3 O-O 9. Bg2 Ne4 10. Nxe4 Bxe4 11. O-O d6 12. Qf4 f5 13. Ng5 Bxg2 14. Kxg2 Qf6 15. d5 exd5 16. cxd5 Qxb2 17. Ne6 Rf7 18. Rac1 Na6 19. Ng5 Rf6 20. Ne6 Qxe2 21. Rfe1 Qd3 22. Nxc7 Nxc7 23. Rxc7 Qxd5+ 24. Kg1 Raf8 25. Ree7 R6f7 26. Qg5 Qd1+ 27. Kg2 Rxe7 28. Qxe7 Qd4 29.
Qe6+ Kh8 30. Rc8 Qf6 31. Qxf6 Rxc8 32. Qxf5 Rg8 33. Qd7 h6 34. Qxd6 a4 35. Qxb6 Ra8 36. Qc6 Ra7 37. Qc5 Kh7 38. Qxa7 1-0

[Event "Late-Titled-Tuesday-Blitz-March-05-2024"]
[Site "Chess.com"]
[Date "2024.03.05"]
[Round "4"]
[White "Sandstad"]
[Black "ChessFanNM"]
[Result "1-0"]
[WhiteElo "2488"]
[BlackElo "2281"]
[TimeControl "180+1"]
[EndTime "14:38:46 PST"]
[Termination "Sandstad won by resignation"]

1. e4 e5 2. Nf3 Nc6 3. Bc4 Nf6 4. Ng5 d5 5. exd5 b5 6. Bf1 h6 7. Nf3 e4 8. dxc6 exf3 9. Qxf3 Bd6 10.
h3 O-O 11. d4 Re8+ 12. Be3 Be6 13. Nc3 b4 14. Ne4 Nxe4 15. Qxe4 Bd5 16. Qxd5 Rxe3+ 17.
Kd1 Re8 18. Bd3 Qh4 19. g3 Qe7 20. Kd2 Rad8 21. Qf5 g6 22. Qf3 Qg5+ 23. Kd1 h5 24. h4 Qe7 25. Kd2 b3 26. axb3 a5 27. Rhe1 Qf8 28. g4 hxg4 29. Qxg4 Qh6+ 30. Kd1 Rxe1+ 31. Kxe1 Re8+ 32. Kf1 Kg7 33. Re1 Rxe1+ 34. Kxe1 Qc1+ 35. Ke2 Bb4 36. c3 Qb1 37. Bxb1 1-0

[Event "Late-Titled-Tuesday-Blitz-March-05-2024"]
[Site "Chess.com"]
[Date "2024.03.05"]
[Round "4"]
[White "stollenmonster"]
[Black "dosto07"]
[Result "1-0"]
[WhiteElo "2871"]
[BlackElo "2518"]
[TimeControl "180+1"]
[EndTime "14:38:47 PST"]
[Termination "stollenmonster won by resignation"]

1. e4 e5 2. Nc3 Nf6 3. g3 d5 4. exd5 Nxd5 5. Bg2 Nxc3 6. bxc3 Nc6 7. d3 Bc5 8. Rb1 O-O 9. Ne2 Bg4 10. h3 Bh5 11. g4 Bg6 12. Ng3 Bb6 13. O-O Rb8 14. Kh2 Ne7 15. f4 exf4 16. Bxf4 f5 17. c4 Qd7 18. g5 Nc6 19. h4 Rbe8 20. Rb5 Bf7 21. Rxf5 Nd4 22.
Re5 c6 23. Ne4 Bc7 24. Rxe8 Rxe8 25. Kg1 Bxf4 26. Rxf4 Qe7 27. Rf2 Qe5 28. Qg4 Be6 29. Qh5 Re7 30. c3 Nf5 31. d4 Qb8 32. g6 h6 33.
Rxf5 Bxf5 34. Qxf5 Kh8 35. c5 Qd8 36. Qf4 Qg8 37. a4 Re8 38. Nd6 Re1+ 39. Kf2 Qe6 40. Qf8+ 1-0

[Event "Late-Titled-Tuesday-Blitz-March-05-2024"]
[Site "Chess.com"]
[Date "2024.03.05"]
[Round "4"]
[White "jamengrand"]
[Black "GMthekingindian"]
[Result "1-0"]
[WhiteElo "2486"]
[BlackElo "2302"]
[TimeControl "180+1"]
[EndTime "14:38:47 PST"]
[Termination "jamengrand won by resignation"]

1. e4 c5 2. Nf3 d6 3. d4 cxd4 4.
Nxd4 Nf6 5. Nc3 a6 6. Bd3 g6 7. f3 Bg7 8. Be3 Nc6 9. Qd2 O-O 10. O-O-O Nxd4 11. Bxd4 b5 12. h4 h5 13. g4 e5 14. Be3 hxg4 15. Bg5 gxf3 16. Nd5 Be6 17. Nxf6+ Bxf6 18. Rdg1 Bxg5 19. hxg5 Kg7 20. Rh6 Rh8 21. Qh2 f2 22. Rh1 Qg8 23. Qxf2 Rxh6 24. Qf6+ Kf8 25. gxh6 Qh7 26. b3 Rc8 27. Kb2 Ke8 28. Qg7 Qxg7 29. hxg7 Kd7 30. Rh8 f6 31. a4 bxa4 32. Bxa6 Re8 33.
Bb5+ 1-0

[Event "Late-Titled-Tuesday-Blitz-March-05-2024"]
[Site "Chess.com"]
[Date "2024.03.05"]
[Round "4"]
[White "rickywsb"]
[Black "GlavkonVVS"]
[Result "0-1"]
[WhiteElo "2353"]
[BlackElo "2549"]
[TimeControl "180+1"]
[EndTime "14:38:48 PST"]
[Termination "GlavkonVVS won by resignation"]

1. d4 Nf6 2. Bf4 g6 3. Nc3 d5 4.
e3 Bg7 5. Nb5 Na6 6. Nc3 Nh5 7.
Bxa6 bxa6 8. Be5 Rb8 9. Bxg7 Nxg7 10. Na4 Bd7 11. c3 O-O 12. Rb1 Ne6 13. Nf3 Bb5 14. Ne5 Qd6 15. h4 f6 16. Nd3 a5 17. Nac5 Bxd3 18.
Nxd3 c5 19. h5 g5 20. h6 cxd4 21. cxd4 Rfc8 22. Qa4 Qa6 23. Rd1 Qb5 24. Qa3 Kf7 25. O-O Rc2 26. f4 g4 27. b3 Rbc8 28. f5 Ng5 29. Rf4 g3 30. Rg4 Qxd3 31. Rf1 Qxe3+ 32. Kh1 Qe2 0-1

[Event "Late-Titled-Tuesday-Blitz-March-05-2024"]
[Site "Chess.com"]
[Date "2024.03.05"]
[Round "4"]
[White "Veleamater"]
[Black "Gambito_SE"]
[Result "0-1"]
[WhiteElo "2320"]
[BlackElo "2510"]
[TimeControl "180+1"]
[EndTime "14:38:49 PST"]
[Termination "Gambito_SE won by checkmate"]

1. g3 d5 2. Bg2 e5 3. d3 g6 4. Nf3 Bg7 5. O-O Nc6 6. Nc3 Nge7 7. e4 dxe4 8. dxe4 Qxd1 9. Rxd1 Bg4 10. Be3 O-O 11.
Nd5 Nxd5 12. exd5 Nd4 13. Bxd4 exd4 14. h3 Bxf3 15. Bxf3 Rfe8 16. Rd3 Rad8 17. c3 dxc3 18. bxc3 b6 19. Rad1 Bf8 20. a4 Bc5 21. Kg2 Re5 22. h4 Rde8 23. R1d2 Re1 24. Ra2 a5 25. h5 Rc1 26. h6 Ree1 27. Kh3 Rf1 28. Re2 Kf8 29.
d6 cxd6 30. Bc6 Rce1 31. Rdd2 f6 32. Kg2 Rg1+ 33. Kf3 f5 34. c4 Kf7 35. Bd7 Kf6 36. g4 fxg4+ 37. Bxg4 Kg5 38. Rxe1 Rxe1 39. Rd5+ Kxh6 40.
Bd7 Rc1 41. Bb5 Rc2 42. Kg4 Rxf2 43. Rd3 Kg7 44. Bc6 h5+ 45. Kg3 Rc2 46. Bd5 Ra2 47. Kf4 Rxa4 48. Rg3 Ra3 49. Rg2 Kf6 50. Bc6 g5+ 51. Ke4 Re3+ 52. Kd5 Re5# 0-1

[Event "Late-Titled-Tuesday-Blitz-March-05-2024"]
[Site "Chess.com"]
[Date "2024.03.05"]
[Round "4"]
[White "Lennis93"]
[Black "Irishchessman16"]
[Result "1-0"]
[WhiteElo "2703"]
[BlackElo "2531"]
[TimeControl "180+1"]
[EndTime "14:38:53 PST"]
[Termination "Lennis93 won by resignation"]

1. a3 d5 2. Nf3 Nf6 3. c4 d4 4. e3 Nc6 5. b4 dxe3 6. fxe3 Bg4 7. Be2 Bxf3 8. Bxf3 Ne5 9. Bxb7 Rb8 10. Qa4+ Qd7 11.
Qxd7+ Kxd7 12. Bf3 Nxc4 13. d4 e5 14. Be2 Nb6 15.
dxe5 Nfd5 16. O-O f6 17. exf6 Nxf6 18. Bb2 Bd6 19. Rc1 Rbe8 20. Bb5+ Kd8 21. Bxf6+ gxf6 22. Bxe8 Rxe8 23. Nc3 Rxe3 24. Nb5 Be5 25. Ra2 a6 26. Rd2+ Kc8 27. Na7+ Kb7 28. Nc6 Bd6 29. Na5+ Kb8 30. a4 Nxa4 31. Nc4 Bf4 32. Rd4 Bg5 33. h4 Bh6 34.
Rf1 Re6 35. Rd8+ Ka7 36. Rd7 Rc6 37. Rxh7 Bf8 38. Na5 Rc2 39. Rxf6 Nb6 40. Rxf8 1-0

[Event "Late-Titled-Tuesday-Blitz-March-05-2024"]
[Site "Chess.com"]
[Date "2024.03.05"]
[Round "4"]
[White "corvachesky"]
[Black "Sajkochess"]
[Result "1-0"]
[WhiteElo "2516"]
[BlackElo "2335"]
[TimeControl "180+1"]
[EndTime "14:38:53 PST"]
[Termination "corvachesky won by checkmate"]

1. Nf3 Nf6 2. b3 e6 3. Bb2 Be7 4. e3 b6 5. Be2 Bb7 6. O-O O-O 7. c4 d5 8. d4 Nbd7 9. Nc3 c5 10. cxd5 Nxd5 11.
Rc1 Nxc3 12. Bxc3 cxd4 13. Nxd4 Ba3 14. Ra1 Rc8 15. Qd2 Nc5 16. Nb5 Ne4 17. Qxd8 Rfxd8 18. Bxg7 Kxg7 19. Nxa3 Nc3 20. Bf3 Bxf3 21. gxf3 b5 22.
Kg2 Rd2 23. Rfc1 b4 24. Nb5 a6 25. Nd4 e5 26. Nf5+ Kf6 27. e4 Rg8+ 28. Kf1 Rgd8 29. a3 a5 30. axb4 axb4 31. Ra6+ Kg5 32. Ne3 Rb2 33. Kg2 Rdd2 34. Rf1 Rxb3 35. Nc4 Re2 36. Nxe5 Rbb2 37. Nxf7+ Kf4 38. Rf6# 1-0

[Event "Late-Titled-Tuesday-Blitz-March-05-2024"]
[Site "Chess.com"]
[Date "2024.03.05"]
[Round "4"]
[White "Zallio"]
[Black "ferdipy"]
[Result "0-1"]
[WhiteElo "2149"]
[BlackElo "2310"]
[TimeControl "180+1"]
[EndTime "14:38:53 PST"]
[Termination "ferdipy won by resignation"]

1. d4 e5 2. dxe5 d6 3. exd6 Bxd6 4. Nf3 Nc6 5. e3 Bg4 6. Be2 Nge7 7. O-O O-O 8. h3 Bh5 9. Nbd2 Qd7 10. b3 Rad8 11. Bb2 Qe6 12. Nd4 Nxd4 13. Bxh5 Ndf5 14. Bg4 Qg6 15. Bh5 Qh6 16. Bg4 Nxe3 17. fxe3 Qxe3+ 18. Kh1 Bb4 19. Nc4 Qg3 20. Qf3 Qh4 21. Qf2 Qg5 22. Qf4 Qh4 23. Be2 Qxf4 24. Rxf4 Ng6 25. Rd4 Rde8 26.
Bd3 Be7 27. Rd7 Bd8 28. Nd2 Nf4 29. Nf3 Nxd3 30. Rxd3 Re2 31. Rd2 Re6 32. Re1 Rg6 33. Ne5 Ra6 34. Nd7 Rxa2 35. c3 Bg5 36. Nxf8 Bxd2 37.
Re8 f5 38. Nd7+ Kf7 39. Re2 Rxb2 40. Ne5+ Kf6 41. Nc4 Rb1+ 42. Kh2 Bxc3 43. Rc2 Rxb3 44. Ne3 Be5+ 0-1

[Event "Late-Titled-Tuesday-Blitz-March-05-2024"]
[Site "Chess.com"]
[Date "2024.03.05"]
[Round "4"]
[White "rynos0411"]
[Black "kai_nov"]
[Result "1-0"]
[WhiteElo "2632"]
[BlackElo "2376"]
[TimeControl "180+1"]
[EndTime "14:38:54 PST"]
[Termination "rynos0411 won on time"]

1. e4 c5 2. Nf3 Nc6 3. Bb5 e5 4. O-O Bd6 5. d3 Nge7 6. Bxc6 dxc6 7. a4 O-O 8. a5 h6 9. Nbd2 Be6 10. Re1 Bc7 11.
Qe2 Ng6 12. a6 b5 13. Nf1 Rb8 14. Be3 Bd6 15. c3 Qe7 16. Ng3 Qd7 17. Red1 Rfd8 18. d4 exd4 19. cxd4 Bc4 20. Qc2 Qe6 21. Re1 Bf4 22.
Nf5 Bxe3 23. Rxe3 Nf4 24. g3 Nh3+ 25. Kg2 Ng5 26. Nxg5 hxg5 27. dxc5 Qe5 28. Rc1 Be6 29. Ne7+ Kh7 30. Nxc6 Bh3+ 31. Kg1 Qe6 32. Nxd8 Rxd8 33. e5+ g6 34. Qe4 1-0

[Event "Late-Titled-Tuesday-Blitz-March-05-2024"]
[Site "Chess.com"]
[Date "2024.03.05"]
[Round "4"]
[White "mishanick"]
[Black "reevecanada"]
[Result "1-0"]
[WhiteElo "3070"]
[BlackElo "2611"]
[TimeControl "180+1"]
[EndTime "14:38:56 PST"]
[Termination "mishanick won by checkmate"]

1. d4 Nf6 2. c4 c6 3. Nf3 d5 4. Nc3 dxc4 5. e4 b5 6. Be2 Bb7 7. O-O Nbd7 8. a4 a6 9. e5 Nd5 10. e6 N7f6 11. Ng5 fxe6 12. Nxe6 Qb6 13. a5 Qa7 14.
Bg5 Bc8 15. Bg4 Nxg4 16. Qxg4 Bxe6 17. Qxe6 Qd7 18. Qe4 O-O-O 19. Rfe1 Re8 20. Qf3 e6 21. Ne4 Bb4 22. Re2 Rhf8 23. Qg3 Rf5 24. Bd2 Bf8 25. b3 Nf6 26. Nxf6 gxf6 27. bxc4 Qxd4 28. Rc1 Bd6 29. Qb3 Kd7 30. cxb5 Rxb5 31. Qc2 Rc5 32. Qxh7+ Re7 33. Qb1 Rxc1+ 34. Qxc1 Rg7 35. Be3 Qg4 36. Qf1 Kc8 37. Rd2 Kc7 38. Bb6+ Kd7 39. Bc5 Kc8 40.
Rxd6 Kb7 41. Rd4 Qf5 42. Rb4+ Kc8 43. Qxa6+ Kd8 44. Rb8+ Kd7 45. Qb7# 1-0

[Event "Late-Titled-Tuesday-Blitz-March-05-2024"]
[Site "Chess.com"]
[Date "2024.03.05"]
[Round "4"]
[White "madstalk3rs"]
[Black "DonJuan_34"]
[Result "1-0"]
[WhiteElo "2653"]
[BlackElo "2458"]
[TimeControl "180+1"]
[EndTime "14:38:56 PST"]
[Termination "madstalk3rs won by resignation"]

1. e4 e6 2. d4 d5 3. e5 c5 4. c3 Nc6 5. Nf3 Nge7 6. Na3 cxd4 7. cxd4 Nf5 8. Nc2 Qb6 9. Bd3 Bd7 10. O-O Na5 11.
Bxf5 exf5 12. Ne3 Be6 13. b3 Be7 14. Bd2 O-O 15. Ne1 Nc6 16. Bc3 f4 17. N3c2 Rac8 18. Bb2 f6 19. Nd3 fxe5 20. Nxe5 Nxe5 21. dxe5 f3 22.
g3 Bh3 23. Re1 Bc5 24. Bd4 Bf5 25. Bxc5 Qxc5 26. Nd4 Rce8 27. Rc1 Qa5 28. b4 Qxa2 29. Rc7 Qb2 30. Nxf5 Rxf5 31. Qxd5+ Kh8 32. Qd7 Rg8 33. Qxf5 Qxb4 34. Rec1 a5 35. Rc8 Qb3 36. Rxg8+ 1-0

[Event "Late-Titled-Tuesday-Blitz-March-05-2024"]
[Site "Chess.com"]
[Date "2024.03.05"]
[Round "4"]
[White "jaskol95"]
[Black "Kosak12"]
[Result "0-1"]
[WhiteElo "2571"]
[BlackElo "2801"]
[TimeControl "180+1"]
[EndTime "14:38:57 PST"]
[Termination "Kosak12 won by checkmate"]

1. d4 d5 2. Nc3 Nf6 3. Bf4 a6 4. e3 e6 5. Nf3 c5 6. a3 Nc6 7. Be2 Bd6 8. Bg3 O-O 9. O-O b5 10.
Bxd6 Qxd6 11. dxc5 Qxc5 12. Nd4 Bb7 13. Nxc6 Qxc6 14.
Bf3 Qc7 15. Nb1 e5 16. c3 Rad8 17. Qc1 Bc8 18. Nd2 e4 19. Be2 Ng4 20. Bxg4 Bxg4 21. Nb3 Rd6 22. Nd4 Rh6 23. g3 Qe5 24. f4 exf3 25.
Nxf3 Qh5 26. Qd1 Bxf3 27. Rxf3 Qxh2+ 28. Kf1 Qxb2 29. Kg1 Qh2+ 30. Kf1 Qb2 31. Kg1 Qxc3 32. Rc1 Qxa3 33. Rc7 Qb2 34. Qxd5 Qh2+ 35. Kf1 Qh1+ 36.
Ke2 Rh2+ 37. Kd3 Qd1+ 38. Ke4 Re8+ 39. Qe5 Rxe5+ 40. Kxe5 Qd8 41. Rfxf7 Qg5+ 42. Ke4 Qg6+ 43. Rf5 h6 44. Ke5 Rd2 45. e4 Qd6# 0-1

[Event "Late-Titled-Tuesday-Blitz-March-05-2024"]
[Site "Chess.com"]
[Date "2024.03.05"]
[Round "4"]
[White "Kopytkin"]
[Black "PawnEatingZombie"]
[Result "1-0"]
[WhiteElo "2446"]
[BlackElo "2172"]
[TimeControl "180+1"]
[EndTime "14:38:58 PST"]
[Termination "Kopytkin won on time"]

1. e4 d6 2. d4 Nf6 3. Nc3 e5 4. d5 Be7 5. f4 exf4 6. Bxf4 Ng4 7. Nf3 Bf6 8. Bd3 Nd7 9. O-O O-O 10. Rb1 Re8 11. Ne2 c6 12. dxc6 bxc6 13. Kh1 Qb6 14. Qe1 Nge5 15. Qg3 g6 16. Bg5 Bg7 17. Qh4 Ba6 18.
Nxe5 Nxe5 19. Bf6 Bxf6 20. Qxf6 Bxd3 21. cxd3 Qd8 22. Qf4 c5 23. d4 cxd4 24. Nxd4 Qe7 25.
Rbe1 Rab8 26. Qg3 Kh8 27. b3 Rb4 28. Qc3 Rbb8 29. Rc1 Kg8 30. Qg3 Kh8 31. Rcd1 Rbc8 32. Nf3 Rc3 33. Qe1 1-0

[Event "Late-Titled-Tuesday-Blitz-March-05-2024"]
[Site "Chess.com"]
[Date "2024.03.05"]
[Round "4"]
[White "esteban062000"]
[Black "vladgoncharov"]
[Result "0-1"]
[WhiteElo "2153"]
[BlackElo "2625"]
[TimeControl "180+1"]
[EndTime "14:38:58 PST"]
[Termination "vladgoncharov won by resignation"]

1. e4 e6 2. e5 d5 3. exd6 cxd6 4. d4 d5 5. Nf3 Bd6 6. Bd3 Nc6 7. O-O Nf6 8. Bg5 h6 9. Bh4 Bd7 10. Re1 Qb6 11.
Nbd2 Nxd4 12. Nxd4 Qxd4 13. Nf3 Qb6 14. c4 dxc4 15.
Bxc4 Be7 16. Ne5 Rd8 17. Nxd7 Rxd7 18. Qe2 O-O 19. Bb3 Rfd8 20. Red1 Nd5 21. Bxe7 Nxe7 22. Rxd7 Rxd7 23. Rd1 Rxd1+ 24. Qxd1 Qc7 25. g3 Nc8 26. Qd4 b6 27. Qe4 Nd6 28. Qa8+ Kh7 29. Qf3 g6 30. Kg2 Kg7 31. Qe3 Qc5 32. Qd2 Ne4 33. Qe3 Qxe3 34.
fxe3 Kf6 35. Bc2 Nd6 36. Kf3 Ke5 37. Ke2 Nc4 38. b3 Nd6 39. Bd3 f5 40. Bc2 g5 41.
Bd3 Kd5 42. h3 e5 43. Kd2 e4 44. Bc2 Ke5 45. Bd1 f4 46. gxf4+ gxf4 47. exf4+ Kxf4 48. Bg4 e3+ 49. Ke2 Ne4 50. Bh5 Nc3+ 0-1

[Event "Late-Titled-Tuesday-Blitz-March-05-2024"]
[Site "Chess.com"]
[Date "2024.03.05"]
[Round "4"]
[White "rikchessmx"]
[Black "DonBroca"]
[Result "1/2-1/2"]
[WhiteElo "2293"]
[BlackElo "2145"]
[TimeControl "180+1"]
[EndTime "14:38:58 PST"]
[Termination "Game drawn - insufficient material"]

1. e4 c5 2. Nf3 g6 3. d4 cxd4 4. Qxd4 Nf6 5. e5 Nc6 6. Qc4 d5 7. exd6 Qxd6 8. Nc3 Qe6+ 9. Qxe6 Bxe6 10. Nb5 O-O-O 11.
Bf4 Nd5 12. Bd2 Bg7 13. O-O-O h6 14. a3 a6 15. Nc3 Nxc3 16. Bxc3 Bxc3 17. bxc3 Rxd1+ 18. Kxd1 Rd8+ 19. Bd3 Bg4 20. Re1 Bxf3+ 21. gxf3 e6 22.
Kc1 Kc7 23. Re4 Rd5 24. Rf4 Ne5 25. Kd2 Kd6 26. Ke3 f5 27. Rb4 Kc7 28. h3 Rc5 29.
f4 Nc6 30. Rc4 Rxc4 31. Bxc4 Kd6 32. h4 b5 33. Be2 e5 34. fxe5+ Nxe5 35. f4 Ng4+ 36.
Kd4 Nf6 37. a4 Nd5 38. axb5 axb5 39. Bxb5 Nxf4 40. c4 Ng2 41. c5+ Kc7 42. Be8 Nxh4 43. Ke5 g5 44. c4 f4 45. Ke4 f3 46. Ke3 g4 47. Bh5 Nf5+ 48. Kf2 g3+ 49. Kxf3 Nd4+ 50.
Kxg3 Ne6 51. Bf7 Nxc5 52. Kg4 Na4 53. Kh5 Nb2 54. c5 Nd3 55. Kxh6 Nxc5 1/2-1/2

[Event "Late-Titled-Tuesday-Blitz-March-05-2024"]
[Site "Chess.com"]
[Date "2024.03.05"]
[Round "4"]
[White "pr1105"]
[Black "ural58"]
[Result "0-1"]
[WhiteElo "2390"]
[BlackElo "2532"]
[TimeControl "180+1"]
[EndTime "14:39:00 PST"]
[Termination "ural58 won by resignation"]

1. e4 d5 2. exd5 Qxd5 3. Nc3 Qa5 4. d4 Nf6 5. Nf3 Nc6 6. Bb5 Ne4 7. O-O Nxc3 8. Bxc6+ bxc6 9. bxc3 Bf5 10. Bd2 Qa4 11.
Ne5 Qxc2 12. Qf3 Qe4 13. Qg3 f6 14. Rfe1 Qc2 15. Nf3 Rc8 16. Bf4 Kd7 17. Rac1 Qa4 18. c4 g5 19. Bxg5 fxg5 20. Qxg5 Bg6 21. Ne5+ Ke8 22.
Qg4 Rd8 23. Nxg6 hxg6 24. Qxg6+ Kd7 25. Qe6+ Ke8 26. Qg6+ Kd7 27. Qe6+ Ke8 28. Rc3 Rh6 29. Qe5 Qb4 30. Rf3 Rdd6 31. c5 Rde6 32. Qxe6 Rxe6 33. Rxe6 Qb1+ 0-1

[Event "Late-Titled-Tuesday-Blitz-March-05-2024"]
[Site "Chess.com"]
[Date "2024.03.05"]
[Round "4"]
[White "Shahdad2007"]
[Black "szachmistrz2500"]
[Result "1-0"]
[WhiteElo "2572"]
[BlackElo "2430"]
[TimeControl "180+1"]
[EndTime "14:39:01 PST"]
[Termination "Shahdad2007 won by resignation"]

1. Nf3 d5 2. c4 c6 3. d4 Nf6 4. Nc3 a6 5. a4 e6 6. g3 a5 7.
Bg2 Na6 8. O-O Be7 9. Qb3 Nb4 10.
Rd1 b6 11. Ne5 O-O 12. Na2 Bb7 13. Nxb4 Bxb4 14. Bd2 c5 15. dxc5 bxc5 16. cxd5 exd5 17. Bxb4 axb4 18. Qc2 Qe7 19. Nd3 Rfc8 20. Rdc1 b3 21.
Qd1 c4 22. Nf4 Qc5 23. e3 Ne4 24. Bxe4 dxe4 25. Ne2 Qb4 26. Nc3 Rd8 27. Qg4 Qe7 28. a5 g6 29. h4 h5 30. Qf4 Rd2 31. Rcb1 Ra6 32. Nb5 Rf6 33. Qb8+ Kg7 34. Rf1 Rxb2 35. Nc7 Bc6 36. a6 Qd6 37. a7 Rfxf2 38. Ne8+ Bxe8 39.
Rxf2 Qxg3+ 40. Qxg3 1-0

[Event "Late-Titled-Tuesday-Blitz-March-05-2024"]
[Site "Chess.com"]
[Date "2024.03.05"]
[Round "4"]
[White "Echecmat"]
[Black "Tugrik1969"]
[Result "0-1"]
[WhiteElo "2534"]
[BlackElo "2416"]
[TimeControl "180+1"]
[EndTime "14:39:02 PST"]
[Termination "Tugrik1969 won on time"]

1. b3 d5 2. Bb2 c5 3. e3 a6 4.
Nf3 Nc6 5. d4 cxd4 6. Nxd4 Nf6 7.
c4 e6 8. Nxc6 bxc6 9. Nd2 Bb4 10. a3 Bd6 11. Bd3 e5 12. O-O O-O 13. Rc1 Qe7 14.
b4 Bg4 15. Be2 Bf5 16. cxd5 cxd5 17. Rc6 a5 18. Nc4 dxc4 19. Qxd6 Qxd6 20. Rxd6 axb4 21. Bxc4 bxa3 22. Bxe5 Rfc8 23. Bb3 Ne4 24. Rd4 Nc5 25. Bd5 Ra4 26. Rxa4 Nxa4 27. e4 Be6 28. Ra1 Bxd5 29. exd5 Nb6 0-1

[Event "Late-Titled-Tuesday-Blitz-March-05-2024"]
[Site "Chess.com"]
[Date "2024.03.05"]
[Round "4"]
[White "OPQRC"]
[Black "HamedWafa4"]
[Result "1-0"]
[WhiteElo "2567"]
[BlackElo "2733"]
[TimeControl "180+1"]
[EndTime "14:39:05 PST"]
[Termination "OPQRC won by resignation"]

1. e4 e5 2. Nf3 Nc6 3. Bc4 Bc5 4. b4 Bxb4 5. c3 Be7 6. d4 Na5 7. Nxe5 Nxc4 8. Nxc4 d5 9. exd5 Nf6 10. d6 cxd6 11.
O-O O-O 12. Ne3 Re8 13. c4 d5 14. c5 b6 15. Ba3 Ne4 16. cxb6 axb6 17. Bxe7 Rxe7 18. Qb3 Ba6 19. Rd1 Nf6 20. Nc3 Bb7 21. a4 Rc8 22. Rac1 Re8 23. h3 Qd7 24. Qxb6 Rc6 25.
Qb5 Rec8 26. Ncxd5 Nxd5 27. Nxd5 Ba8 28. Nb6 Qc7 29. Nxc8 Qxc8 30. Rxc6 Bxc6 31. Rc1 Qe8 32. Qxc6 1-0

[Event "Late-Titled-Tuesday-Blitz-March-05-2024"]
[Site "Chess.com"]
[Date "2024.03.05"]
[Round "4"]
[White "elmusmolamas"]
[Black "northridgehawk"]
[Result "1-0"]
[WhiteElo "2499"]
[BlackElo "2320"]
[TimeControl "180+1"]
[EndTime "14:39:06 PST"]
[Termination "elmusmolamas won by resignation"]

1. e4 e5 2. Nf3 Nc6 3. Bc4 Nf6 4. O-O Bc5 5. d4 Bxd4 6. Nxd4 Nxd4 7. Bg5 d6 8. f4 Ne6 9. fxe5 Nxg5 10.
exf6 gxf6 11. Nc3 c6 12. Qh5 Be6 13. Bxe6 Nxe6 14. Rad1 Rg8 15. e5 Qb6+ 16. Kh1 O-O-O 17. exd6 Rg7 18. Rxf6 Rdg8 19. d7+ Kb8 20. Qe5+ Ka8 21. Rxe6 fxe6 22. Qxg7 Rd8 23. Qe7 a5 24. Na4 Qc7 25.
Qc5 Kb8 26. Qb6 Rxd7 27. Qxc7+ Rxc7 28. Kg1 Rf7 29. Nb6 Kc7 30. Nc4 Rf5 31. Rf1 Rc5 32.
Ne3 Kd6 33. Rf7 b5 34. Kf2 h5 35. Ke2 a4 36. a3 Re5 37. Rf8 c5 38. Rb8 Kc6 39.
Kd2 Rg5 40. g3 h4 41. gxh4 Rh5 42. Rg8 Rxh4 43. Rg2 Rh3 44. Re2 b4 45. axb4 cxb4 46. Ng4 Kd6 47. Ne5 Rh4 48. Nd3 a3 49.
bxa3 bxa3 50. Kc3 a2 51. Kb2 Ra4 52. Ka1 Kd5 53. Nc1 e5 54. Nxa2 e4 55. Kb2 Kd4 56. Rd2+ Ke3 57. Rd8 Ra7 58. Nc3 Rh7 59. Re8 Rb7+ 60.
Kc1 Ra7 61. Nxe4 Rh7 62. Ng5+ Kf2 63. Nxh7 1-0

[Event "Late-Titled-Tuesday-Blitz-March-05-2024"]
[Site "Chess.com"]
[Date "2024.03.05"]
[Round "4"]
[White "norwaytoadog"]
[Black "ccccvhhhj"]
[Result "1-0"]
[WhiteElo "2278"]
[BlackElo "2456"]
[TimeControl "180+1"]
[EndTime "14:39:06 PST"]
[Termination "norwaytoadog won by checkmate"]

1. e4 e6 2. d4 d5 3. Nc3 Bb4 4. e5 c5 5. a3 Bxc3+ 6. bxc3 Ne7 7. h4 Nbc6 8. h5 h6 9. Qg4 Kf8 10. Rb1 Qa5 11. Rh3 Qa4 12. Qd1 cxd4 13. Bb5 Qa5 14. Bd2 dxc3 15. Bxc3 Qc7 16. f4 d4 17. Bxd4 Nxd4 18.
Qxd4 Nf5 19. Qb4+ Kg8 20. g4 a5 21. Qd2 Ne7 22. Rd3 Kh7 23. Rd6 Qc5 24. Nf3 g6 25. Bd3 Rg8 26. f5 gxf5 27. gxf5 Nxf5 28. Bxf5+ Kg7 29.
Be4 Ra6 30. Rd4 Rb6 31. Rxb6 Qxb6 32. Qf4 Qb1+ 33. Kd2 Qa1 34. Qf6+ Kf8 35. Rd8# 1-0